Oilers vs Maple Leafs (R1)

Created - June 1, 2021 at 19:00

Goals
1 2 3 T
Oilers 1 4 0 5
Maple Leafs 0 1 0 1
Shots
1 2 3 T
Oilers 7 14 3 24
Maple Leafs 8 6 14 28

1st period

1. Oilers , Jordan Eberle 9 (Henrik Zetterberg 13) at 13:40 (SH)

Penalties :
Leon Draisaitl (EDM) for Roughing (Minor) at 1:44, Bo Horvat (Tor) for Interference (Minor) at 5:04, Adam Larsson (EDM) for Hooking (Minor) at 12:52, Henrik Zetterberg (EDM) for Hooking (Minor) at 19:57

2nd period

2. Oilers , Denis Grebeshkov 2 (Adam Larsson 6, Nikolai Kulemin 3) at 2:17
3. Oilers , Phil Kessel 3 (Rasmus Ristolainen 13, James Neal 5) at 3:43 (PP)
4. Oilers , Taylor Hall 10 (Denis Grebeshkov 3) at 6:16
5. Oilers , Jordan Eberle 10 (Henrik Zetterberg 14, Taylor Hall 11) at 16:13
6. Maple Leafs , Claude Giroux 4 (John Klingberg 9) at 17:55

Penalties :
Calvin de Haan (Tor) for Roughing (Minor) at 3:33, Brayden Schenn (Tor) for Holding (Minor) at 10:51, Claude Giroux (Tor) for Fighting (Major) at 18:29, Jordan Eberle (EDM) for Fighting (Major) at 18:29

3rd period

No Goal

Penalties :
Adam Larsson (EDM) for Hooking (Minor) at 14:20, Pavel Buchnevich (EDM) for Hooking (Minor) at 16:37, Taylor Hall (EDM) for Hooking (Minor) at 19:53

Goalie Stats

James Reimer (EDM), 27 saves from 28 shots - (0.964), W, 10-4-1, 60:00 minutes
John Gibson (Tor), 7 saves from 11 shots - (0.636), L, 10-3-0, 26:16 minutes
Tyler Weiman (Tor), 12 saves from 13 shots - (0.923), 33:44 minutes

Players Stats for Oilers

Player Name              G  A  P  +/- PIM S  H  SB GA TA FO     MP     PP MP  PK MP  
------------------------------------------------------------------------------------
Adam Larsson             0  1  1   1  4   0  4  1  0  1  0/0    22:05   0:44   3:27 
Anton Volchenkov         0  0  0   0  0   0  0  2  1  0  0/0    21:37   1:22   5:25 
Brandon Sutter           0  0  0   0  0   2  0  0  0  0  12/25  18:50   0:00   6:09 
Connor McDavid           0  0  0   0  0   1  1  0  1  0  2/7    10:30   2:08   0:20 
Darnell Nurse            0  0  0   1  0   0  0  4  1  1  0/0    21:52   2:46   4:44 
Denis Grebeshkov         1  1  2   1  0   2  3  0  0  0  0/0    16:58   0:00   1:50 
Henrik Zetterberg        0  2  2   2  2   5  1  0  0  0  8/19   20:42   2:00   1:38 
James Neal               0  1  1   0  0   2  1  0  0  0  0/0    11:09   2:08   1:19 
Jordan Eberle            2  0  2   2  5   2  1  2  0  0  1/2    19:33   2:00   2:29 
Kevin Porter             0  0  0   1  0   1  0  0  0  0  2/5     8:33   0:00   0:00 
Leon Draisaitl           0  0  0   0  2   1  1  0  0  0  0/0    12:48   0:00   0:00 
Nikolai Kulemin          0  1  1   1  0   0  0  1  0  0  0/1    10:29   0:00   1:54 
Pavel Buchnevich         0  0  0   1  2   0  1  0  0  0  0/0     8:33   0:00   0:00 
Phil Kessel              1  0  1   0  0   1  1  0  0  0  1/1    13:03   1:45   0:00 
Rasmus Ristolainen       0  1  1   2  0   1  2  0  1  3  0/0    19:53   2:46   0:22 
Riley Sheahan            0  0  0   0  0   0  0  0  0  0  0/0    15:37   0:23   6:13 
Taylor Hall              1  1  2   1  2   6  3  0  1  0  0/0    18:55   2:00   0:00 
Tobias Enstrom           0  0  0   1  0   0  0  2  1  0  0/0    18:45   0:38   4:14 

Players Stats for Maple Leafs

Player Name              G  A  P  +/- PIM S  H  SB GA TA FO     MP     PP MP  PK MP  
------------------------------------------------------------------------------------
Andre Burakovsky         0  0  0  -2  0   1  2  0  0  1  0/0     8:33   0:00   0:00 
Beau Bennett             0  0  0  -2  0   1  2  0  0  0  0/0     8:33   0:00   0:00 
Ben Smith                0  0  0  -1  0   3  1  0  1  0  0/1    16:52   4:47   0:00 
Blake Comeau             0  0  0  -1  0   0  2  1  0  0  0/0     7:31   0:06   0:00 
Bo Horvat                0  0  0   1  2   0  3  1  0  0  15/23  17:29   0:00   0:14 
Brayden Schenn           0  0  0  -2  2   1  1  0  0  0  7/14   15:13   4:57   0:50 
Braydon Coburn           0  0  0  -1  0   0  1  0  0  2  0/0    21:05   3:18   1:47 
Calvin de Haan           0  0  0  -1  2   0  0  3  1  0  0/0    10:49   0:17   0:00 
Claude Giroux            1  0  1   1  5   5  1  0  0  0  0/0    23:32   4:40   2:21 
Dany Heatley             0  0  0  -1  0   0  0  0  0  0  0/0     8:53   0:42   0:28 
Hampus Lindholm          0  0  0  -1  0   0  3  2  0  1  0/0    21:02   3:15   1:47 
Jake Guentzel            0  0  0  -1  0   4  0  0  0  0  0/1    16:49   4:44   0:00 
John Klingberg           0  1  1  -1  0   3  1  1  0  2  0/0    27:32   6:26   2:21 
Kevin Shattenkirk        0  0  0  -1  0   3  2  0  1  0  0/0    27:32   6:26   2:21 
Logan Couture            0  0  0  -1  0   0  1  0  0  0  10/19  19:27   4:44   2:15 
Mika Zibanejad           0  0  0  -1  0   1  1  1  1  0  1/1    10:35   0:39   0:49 
Patrick Kane             0  0  0   1  0   6  1  0  1  0  1/1    23:28   4:44   1:19 
Ryan Parent              0  0  0  -1  0   0  0  2  0  0  0/0    10:53   0:20   0:00 

3 Stars

1 - Denis Grebeshkov (EDM)
2 - James Reimer (EDM)
3 - Jordan Eberle (EDM)

Power Play

Oilers - 1 on 3 Attempt(s) - 33.33%
Maple Leafs - 0 on 6 Attempt(s) - 0.00%

Penalty Kill

Oilers - 6 on 6 Attempt(s) - 100.00% - Score 1 goal in Penalty Kill
Maple Leafs - 2 on 3 Attempt(s) - 66.67% - Score 0 goal in Penalty Kill

Team Stat

Oilers - Hits : 19 - Faceoff Wins : 26 - Blocked Shots : 12 - Penalty Minutes : 17
Maple Leafs - Hits : 22 - Faceoff Wins : 34 - Blocked Shots : 11 - Penalty Minutes : 11

Official

Referees : Unknown
Linesman : Unknown

Game Notes

Tyler Weiman enters game at 6:16 of 2nd period
Claude Giroux and Jordan Eberle fight to a draw at 18:29 of 2nd period

Finance

Level 1 -- Attendance: 6000 (100.00%) -- Ticket Income $660,000
Level 2 -- Attendance: 5000 (100.00%) -- Ticket Income $350,000
Level 3 -- Attendance: 2000 (100.00%) -- Ticket Income $92,000
Level 4 -- Attendance: 4000 (100.00%) -- Ticket Income $120,000
Luxury Box -- Attendance: 1000 (100.00%) -- Ticket Income $180,000
Game was played at the Maple Leafs Garden.
Total Attendance: 18000 (100.00%)
Total Ticket Income: $1,402,000
Other Income: $210,300
Total Income: $1,612,300

Oilers

5 vs 5 Forward 
   Center                   Left Wing                Right Wing               Time % Phy DF OF 
 1 Henrik Zetterberg        Taylor Hall              Jordan Eberle            40     1   2  2  
 2 Brandon Sutter           Leon Draisaitl           Phil Kessel              30     1   2  2  
 3 Connor McDavid           James Neal               Riley Sheahan            20     1   2  2  
 4 Kevin Porter             Nikolai Kulemin          Pavel Buchnevich         10     1   2  2  

5 vs 5 Defense 
   Defense                  Defense                                           Time % Phy DF OF 
 1 Adam Larsson             Rasmus Ristolainen                                40     1   2  2  
 2 Tobias Enstrom           Denis Grebeshkov                                  30     1   2  2  
 3 Darnell Nurse            Anton Volchenkov                                  20     1   2  2  
 4 Adam Larsson             Denis Grebeshkov                                  10     1   2  2  

PowerPlay Forward 
   Center                   Left Wing                Right Wing               Time % Phy DF OF 
 1 Connor McDavid           James Neal               Phil Kessel              60     1   2  2  
 2 Henrik Zetterberg        Taylor Hall              Jordan Eberle            40     1   2  2  

PowerPlay Defense
   Defense                  Defense                                           Time % Phy DF OF 
 1 Darnell Nurse            Rasmus Ristolainen                                60     1   2  2  
 2 Anton Volchenkov         Tobias Enstrom                                    40     1   2  2  

Penalty Kill 4 Players Forward 
   Center                   Wing                     Time % Phy DF OF 
 1 Brandon Sutter           Riley Sheahan            60     1   2  2  
 2 Henrik Zetterberg        Jordan Eberle            40     1   2  2  

Penalty Kill 4 Players Defense
   Defense                  Defense                  Time % Phy DF OF 
 1 Adam Larsson             Anton Volchenkov         60     1   2  2  
 2 Darnell Nurse            Tobias Enstrom           40     1   2  2  

Penalty Kill - 3 Players Forward 
   Forward                                           Time % Phy DF OF 
 1 Henrik Zetterberg                                 60     1   2  2  
 2 Jordan Eberle                                     40     1   2  2  

Penalty Kill - 3 Players Defense
   Defense                  Defense                  Time % Phy DF OF 
 1 Tobias Enstrom           Rasmus Ristolainen       60     1   2  2  
 2 Darnell Nurse            Anton Volchenkov         40     1   2  2  

4 vs 4 Forward 
   Center                   Wing                     Time % Phy DF OF 
 1 Brandon Sutter           Jordan Eberle            60     1   2  2  
 2 Henrik Zetterberg        Riley Sheahan            40     1   2  2  

4 vs 4 Defense
   Defense                  Defense                  Time % Phy DF OF 
 1 Tobias Enstrom           Rasmus Ristolainen       60     1   2  2  
 2 Darnell Nurse            Denis Grebeshkov         40     1   2  2  

Last Minutes Offensive
   Center                   Left Wing                Right Wing               Defense                  Defense                  
   Henrik Zetterberg        Taylor Hall              Jordan Eberle            Tobias Enstrom           Rasmus Ristolainen       

Last Minutes Defensive
   Center                   Left Wing                Right Wing               Defense                  Defense                  
   Henrik Zetterberg        Taylor Hall              Jordan Eberle            Tobias Enstrom           Rasmus Ristolainen       

Goaltenders
Starting : James Reimer             
Backup : Jonas Gustavsson         

Extra Forwards
Normal : Leon Draisaitl, Connor McDavid, Nikolai Kulemin - PP : Leon Draisaitl, Connor McDavid - PK : Nikolai Kulemin
Extra Defensemen
Normal : Adam Larsson, Anton Volchenkov, Darnell Nurse - PP : Adam Larsson - PK : Anton Volchenkov, Darnell Nurse
Penalty Shots
Taylor Hall, Jordan Eberle, Phil Kessel, Riley Sheahan, Henrik Zetterberg

Scratches
Oscar Klefbom (Healthy), Jordan Caron (Healthy), Mike Smith (Healthy)

Maple Leafs

5 vs 5 Forward 
   Center                   Left Wing                Right Wing               Time % Phy DF OF 
 1 Bo Horvat                Claude Giroux            Patrick Kane             40     1   2  2  
 2 Logan Couture            Jake Guentzel            Ben Smith                30     1   2  2  
 3 Brayden Schenn           Andre Burakovsky         Beau Bennett             20     1   2  2  
 4 Mika Zibanejad           Dany Heatley             Blake Comeau             10     1   2  2  

5 vs 5 Defense 
   Defense                  Defense                                           Time % Phy DF OF 
 1 Kevin Shattenkirk        John Klingberg                                    40     1   2  2  
 2 Braydon Coburn           Hampus Lindholm                                   30     1   2  2  
 3 Ryan Parent              Calvin de Haan                                    20     1   2  2  
 4 Kevin Shattenkirk        John Klingberg                                    10     1   2  2  

PowerPlay Forward 
   Center                   Left Wing                Right Wing               Time % Phy DF OF 
 1 Brayden Schenn           Claude Giroux            Patrick Kane             60     1   2  2  
 2 Logan Couture            Jake Guentzel            Ben Smith                40     1   2  2  

PowerPlay Defense
   Defense                  Defense                                           Time % Phy DF OF 
 1 Kevin Shattenkirk        John Klingberg                                    60     1   2  2  
 2 Braydon Coburn           Hampus Lindholm                                   40     1   2  2  

Penalty Kill 4 Players Forward 
   Center                   Wing                     Time % Phy DF OF 
 1 Logan Couture            Claude Giroux            60     1   2  2  
 2 Brayden Schenn           Patrick Kane             40     1   2  2  

Penalty Kill 4 Players Defense
   Defense                  Defense                  Time % Phy DF OF 
 1 Kevin Shattenkirk        John Klingberg           60     1   2  2  
 2 Braydon Coburn           Hampus Lindholm          40     1   2  2  

Penalty Kill - 3 Players Forward 
   Forward                                           Time % Phy DF OF 
 1 Brayden Schenn                                    60     1   2  2  
 2 Logan Couture                                     40     1   2  2  

Penalty Kill - 3 Players Defense
   Defense                  Defense                  Time % Phy DF OF 
 1 Kevin Shattenkirk        John Klingberg           60     1   2  2  
 2 Braydon Coburn           Hampus Lindholm          40     1   2  2  

4 vs 4 Forward 
   Center                   Wing                     Time % Phy DF OF 
 1 Logan Couture            Patrick Kane             60     1   2  2  
 2 Brayden Schenn           Claude Giroux            40     1   2  2  

4 vs 4 Defense
   Defense                  Defense                  Time % Phy DF OF 
 1 Kevin Shattenkirk        John Klingberg           60     1   2  2  
 2 Braydon Coburn           Hampus Lindholm          40     1   2  2  

Last Minutes Offensive
   Center                   Left Wing                Right Wing               Defense                  Defense                  
   Brayden Schenn           Claude Giroux            Patrick Kane             Kevin Shattenkirk        John Klingberg           

Last Minutes Defensive
   Center                   Left Wing                Right Wing               Defense                  Defense                  
   Brayden Schenn           Claude Giroux            Patrick Kane             Kevin Shattenkirk        Braydon Coburn           

Goaltenders
Starting : John Gibson              
Backup : Tyler Weiman             

Extra Forwards
Normal : Mika Zibanejad, Dany Heatley, Brayden Schenn - PP : Mika Zibanejad, Dany Heatley - PK : Logan Couture
Extra Defensemen
Normal : Ryan Parent, Calvin de Haan, Braydon Coburn - PP : Ryan Parent - PK : Calvin de Haan, Braydon Coburn
Penalty Shots
Claude Giroux, Patrick Kane, Brayden Schenn, Ben Smith, Logan Couture

Scratches
Chris Kelly (Healthy)

% Time on Ice - Oilers

Lines # - Real PCT - Wanted PCT - Time Play
Normal Forward
1 - 40% - 40% - 18:22
2 - 25% - 30% - 11:18
3 - 17% - 20% - 7:38
4 - 19% - 10% - 8:33
Normal Defense
1 - 40% - 40% - 18:12
2 - 30% - 30% - 13:42
3 - 27% - 20% - 12:34
4 - 3% - 10% - 1:23
PP Forward
1 - 52% - 60% - 2:08
2 - 48% - 40% - 2:00
PP Defense
1 - 67% - 60% - 2:46
2 - 33% - 40% - 1:22
PK Forward
1 - 75% - 60% - 7:32
2 - 25% - 40% - 2:29
PK Defense
1 - 74% - 60% - 7:24
2 - 26% - 40% - 2:37
PK3 Forward
1 - 0% - 60%
2 - 0% - 40%
PK3 Defense
1 - 0% - 60%
2 - 0% - 40%
44 Forward
1 - 0% - 60%
2 - 0% - 40%
44 Defense
1 - 0% - 60%
2 - 0% - 40%
Last Minute Offensive  - 0:00
Last Minute Defensive  - 0:00
Total
Forward - 60:00
Defense - 60:00

% Time on Ice - Maple Leafs

Lines # - Real PCT - Wanted PCT - Time Play
Normal Forward
1 - 39% - 40% - 17:53
2 - 26% - 30% - 12:07
3 - 19% - 20% - 8:33
4 - 16% - 10% - 7:18
Normal Defense
1 - 38% - 40% - 17:38
2 - 35% - 30% - 16:00
3 - 22% - 20% - 10:18
4 - 4% - 10% - 1:55
PP Forward
1 - 52% - 60% - 5:14
2 - 48% - 40% - 4:47
PP Defense
1 - 67% - 60% - 6:43
2 - 33% - 40% - 3:18
PK Forward
1 - 68% - 60% - 2:49
2 - 32% - 40% - 1:19
PK Defense
1 - 57% - 60% - 2:21
2 - 43% - 40% - 1:47
PK3 Forward
1 - 0% - 60%
2 - 0% - 40%
PK3 Defense
1 - 0% - 60%
2 - 0% - 40%
44 Forward
1 - 0% - 60%
2 - 0% - 40%
44 Defense
1 - 0% - 60%
2 - 0% - 40%
Last Minute Offensive  - 0:00
Last Minute Defensive  - 0:00
Total
Forward - 60:00
Defense - 60:00

Play-by-Play

1st period


0:01 of 1st period - Bo Horvat wins face-off versus Henrik Zetterberg in neutral zone.
0:16 of 1st period - Wrist shot by Patrick Kane.
0:16 of 1st period - Stopped by James Reimer with a rebound.
0:51 of 1st period - Hampus Lindholm is hit by Adam Larsson and loses puck.
1:10 of 1st period - Denis Grebeshkov is hit by Mika Zibanejad and loses puck.
1:41 of 1st period - Wrist shot by Patrick Kane.
1:41 of 1st period - Stopped by James Reimer without a rebound.
1:42 of 1st period - Brandon Sutter wins face-off versus Logan Couture in Oilers zone.
1:44 of 1st period - Minor Penalty to Leon Draisaitl for Roughing.
1:45 of 1st period - Brayden Schenn wins face-off versus Brandon Sutter in Oilers zone.
2:22 of 1st period - Jordan Eberle is hit by John Klingberg and loses puck.
3:44 of 1st period - Penalty to Leon Draisaitl is over, Leon Draisaitl is back on ice.
4:49 of 1st period - Off-side.
4:50 of 1st period - Kevin Porter wins face-off versus Bo Horvat in neutral zone.
4:55 of 1st period - Slapshot by Rasmus Ristolainen.
4:55 of 1st period - Stopped by John Gibson without a rebound.
4:56 of 1st period - Henrik Zetterberg wins face-off versus Bo Horvat in Maple Leafs zone.
5:04 of 1st period - Minor Penalty to Bo Horvat for Interference.
5:05 of 1st period - Logan Couture wins face-off versus Connor McDavid in Maple Leafs zone.
5:09 of 1st period - Slapshot by Kevin Shattenkirk.
5:09 of 1st period - Stopped by James Reimer without a rebound.
5:10 of 1st period - Logan Couture wins face-off versus Connor McDavid in Oilers zone.
7:04 of 1st period - Penalty to Bo Horvat is over, Bo Horvat is back on ice.
7:45 of 1st period - Denis Grebeshkov is hit by Bo Horvat and loses puck.
8:31 of 1st period - Dany Heatley is hit by Taylor Hall and loses puck.
8:44 of 1st period - Anton Volchenkov is hit by Hampus Lindholm and loses puck.
8:57 of 1st period - Phil Kessel is hit by Brayden Schenn and loses puck.
9:28 of 1st period - Kevin Porter is hit by Blake Comeau and loses puck.
9:54 of 1st period - Jordan Eberle is hit by Beau Bennett.
10:09 of 1st period - Backhand shot by James Neal.
10:09 of 1st period - Shot Blocked by John Klingberg.
11:04 of 1st period - Icing by Jordan Eberle.
11:05 of 1st period - Jordan Eberle wins face-off versus Brayden Schenn in Oilers zone.
11:05 of 1st period - Jordan Eberle is hit by Beau Bennett.
11:17 of 1st period - Off-side.
11:18 of 1st period - Henrik Zetterberg wins face-off versus Bo Horvat in neutral zone.
11:50 of 1st period - Slapshot by Henrik Zetterberg.
11:50 of 1st period - Stopped by John Gibson without a rebound.
11:51 of 1st period - Brayden Schenn wins face-off versus Brandon Sutter in Maple Leafs zone.
11:51 of 1st period - Brayden Schenn is hit by Denis Grebeshkov.
12:52 of 1st period - Minor Penalty to Adam Larsson for Hooking.
12:53 of 1st period - Brayden Schenn wins face-off versus Brandon Sutter in Oilers zone.
12:53 of 1st period - Slapshot by Claude Giroux.
12:53 of 1st period - Shot Misses the Net.
12:55 of 1st period - Wrist shot by Patrick Kane.
12:55 of 1st period - Stopped by James Reimer with a rebound.
12:57 of 1st period - Slapshot by Braydon Coburn.
12:57 of 1st period - Shot Blocked by Darnell Nurse.
12:59 of 1st period - Wrist shot by Claude Giroux.
12:59 of 1st period - Shot Misses the Net.
13:01 of 1st period - Snap shot by Claude Giroux.
13:01 of 1st period - Shot Misses the Net.
13:03 of 1st period - Snap shot by Patrick Kane.
13:03 of 1st period - Stopped by James Reimer without a rebound.
13:04 of 1st period - Brandon Sutter wins face-off versus Brayden Schenn in Oilers zone.
13:40 of 1st period - Slapshot by Henrik Zetterberg.
13:40 of 1st period - Deflect By Jordan Eberle.
13:40 of 1st period - Goal by Jordan Eberle - Oilers : 1 - Maple Leafs : 0.
13:41 of 1st period - Brandon Sutter wins face-off versus Brayden Schenn in neutral zone.
13:46 of 1st period - Wrist shot by Brandon Sutter.
13:46 of 1st period - Stopped by John Gibson without a rebound.
13:47 of 1st period - Brayden Schenn wins face-off versus Brandon Sutter in Maple Leafs zone.
14:02 of 1st period - Slapshot by Patrick Kane.
14:02 of 1st period - Shot Blocked by Anton Volchenkov.
14:16 of 1st period - Slapshot by John Klingberg.
14:16 of 1st period - Shot Blocked by Jordan Eberle.
14:18 of 1st period - Slapshot by Brayden Schenn.
14:18 of 1st period - Stopped by James Reimer without a rebound.
14:19 of 1st period - Logan Couture wins face-off versus Brandon Sutter in Oilers zone.
14:24 of 1st period - Snap shot by Ben Smith.
14:24 of 1st period - Stopped by James Reimer with a rebound.
14:35 of 1st period - Off-side.
14:36 of 1st period - Brayden Schenn wins face-off versus Brandon Sutter in neutral zone.
14:52 of 1st period - Penalty to Adam Larsson is over, Adam Larsson is back on ice.
16:09 of 1st period - Snap shot by Taylor Hall.
16:09 of 1st period - Stopped by John Gibson without a rebound.
16:10 of 1st period - Logan Couture wins face-off versus Jordan Eberle in Maple Leafs zone.
16:29 of 1st period - Ben Smith is hit by Taylor Hall and loses puck.
16:48 of 1st period - Hampus Lindholm is hit by Denis Grebeshkov and loses puck.
17:16 of 1st period - Snap shot by Taylor Hall.
17:16 of 1st period - Stopped by John Gibson with a rebound.
17:18 of 1st period - Slapshot by Rasmus Ristolainen.
17:18 of 1st period - Shot Misses the Net.
17:26 of 1st period - Snap shot by Jake Guentzel.
17:26 of 1st period - Shot Blocked by Tobias Enstrom.
17:28 of 1st period - Slapshot by Jake Guentzel.
17:28 of 1st period - Stopped by James Reimer without a rebound.
17:29 of 1st period - Patrick Kane wins face-off versus Kevin Porter in Oilers zone.
17:30 of 1st period - Wrist shot by Claude Giroux.
17:30 of 1st period - Shot Misses the Net.
17:44 of 1st period - Off-side.
17:45 of 1st period - Brandon Sutter wins face-off versus Bo Horvat in neutral zone.
18:12 of 1st period - Bo Horvat is hit by Denis Grebeshkov and loses puck.
18:25 of 1st period - Wrist shot by Patrick Kane.
18:25 of 1st period - Shot Misses the Net.
18:57 of 1st period - Snap shot by Pavel Buchnevich.
18:57 of 1st period - Shot Blocked by Hampus Lindholm.
19:07 of 1st period - Nikolai Kulemin is hit by Bo Horvat and loses puck.
19:12 of 1st period - Snap shot by Patrick Kane.
19:12 of 1st period - Shot Misses the Net.
19:19 of 1st period - Off-side.
19:20 of 1st period - Brandon Sutter wins face-off versus Logan Couture in neutral zone.
19:23 of 1st period - Slapshot by Anton Volchenkov.
19:23 of 1st period - Deflect By Brandon Sutter.
19:23 of 1st period - Stopped by John Gibson with a rebound.
19:47 of 1st period - Andre Burakovsky is hit by Jordan Eberle and loses puck.
19:57 of 1st period - Minor Penalty to Henrik Zetterberg for Hooking.
19:58 of 1st period - Logan Couture wins face-off versus Brandon Sutter in Oilers zone.
Goals for this period are 1 for Oilers vs 0 for Maple Leafs.
Shots for this period are 7 for Oilers vs 8 for Maple Leafs.

2nd period


0:01 of 2nd period - Brandon Sutter wins face-off versus Brayden Schenn in neutral zone.
1:57 of 2nd period - Penalty to Henrik Zetterberg is over, Henrik Zetterberg is back on ice.
2:09 of 2nd period - Snap shot by Henrik Zetterberg.
2:09 of 2nd period - Shot Misses the Net.
2:11 of 2nd period - Snap shot by Denis Grebeshkov.
2:11 of 2nd period - Shot Blocked by Blake Comeau.
2:13 of 2nd period - Snap shot by Nikolai Kulemin.
2:13 of 2nd period - Shot Misses the Net.
2:15 of 2nd period - Slapshot by Adam Larsson.
2:15 of 2nd period - Shot Blocked by Mika Zibanejad.
2:17 of 2nd period - Wrist shot by Denis Grebeshkov.
2:17 of 2nd period - Goal by Denis Grebeshkov - Oilers : 2 - Maple Leafs : 0.
2:18 of 2nd period - Henrik Zetterberg wins face-off versus Logan Couture in neutral zone.
2:27 of 2nd period - Slapshot by Kevin Shattenkirk.
2:27 of 2nd period - Shot Misses the Net.
2:47 of 2nd period - Backhand shot by Rasmus Ristolainen.
2:47 of 2nd period - Deflect By Brandon Sutter.
2:47 of 2nd period - Shot Misses the Net.
2:47 of 2nd period - Puck is out of play.
2:48 of 2nd period - Brandon Sutter wins face-off versus Bo Horvat in Maple Leafs zone.
3:33 of 2nd period - Minor Penalty to Calvin de Haan for Roughing.
3:34 of 2nd period - Phil Kessel wins face-off versus Logan Couture in Maple Leafs zone.
3:39 of 2nd period - Slapshot by Phil Kessel.
3:39 of 2nd period - Deflect By James Neal.
3:39 of 2nd period - Stopped by John Gibson with a rebound.
3:43 of 2nd period - Snap shot by Phil Kessel.
3:43 of 2nd period - Goal by Phil Kessel - Oilers : 3 - Maple Leafs : 0.
3:44 of 2nd period - Bo Horvat wins face-off versus Brandon Sutter in neutral zone.
3:46 of 2nd period - John Klingberg is hit by Adam Larsson and loses puck.
5:26 of 2nd period - Anton Volchenkov is hit by Patrick Kane and loses puck.
5:53 of 2nd period - Snap shot by Jake Guentzel.
5:53 of 2nd period - Shot Blocked by Darnell Nurse.
5:55 of 2nd period - Backhand shot by Jake Guentzel.
5:55 of 2nd period - Shot Misses the Net.
6:14 of 2nd period - Snap shot by Taylor Hall.
6:14 of 2nd period - Shot Blocked by Calvin de Haan.
6:16 of 2nd period - Slapshot by Denis Grebeshkov.
6:16 of 2nd period - Deflect By Taylor Hall.
6:16 of 2nd period - Goal by Taylor Hall - Oilers : 4 - Maple Leafs : 0.
6:16 of 2nd period - Tyler Weiman enters game.
6:17 of 2nd period - Bo Horvat wins face-off versus Brandon Sutter in neutral zone.
6:32 of 2nd period - Snap shot by Claude Giroux.
6:32 of 2nd period - Shot Blocked by Adam Larsson.
7:15 of 2nd period - Snap shot by Ben Smith.
7:15 of 2nd period - Deflect By Logan Couture.
7:15 of 2nd period - Shot Misses the Net.
7:15 of 2nd period - Puck is out of play.
7:16 of 2nd period - Bo Horvat wins face-off versus Connor McDavid in Oilers zone.
7:19 of 2nd period - Snap shot by Claude Giroux.
7:19 of 2nd period - Stopped by James Reimer without a rebound.
7:20 of 2nd period - Bo Horvat wins face-off versus Connor McDavid in Oilers zone.
7:51 of 2nd period - Snap shot by Taylor Hall.
7:51 of 2nd period - Shot Misses the Net.
7:53 of 2nd period - Slapshot by Taylor Hall.
7:53 of 2nd period - Deflect By Henrik Zetterberg.
7:53 of 2nd period - Stopped by Tyler Weiman without a rebound.
7:54 of 2nd period - Henrik Zetterberg wins face-off versus Logan Couture in Maple Leafs zone.
7:57 of 2nd period - Snap shot by Jordan Eberle.
7:57 of 2nd period - Shot Blocked by Hampus Lindholm.
8:11 of 2nd period - Snap shot by Logan Couture.
8:11 of 2nd period - Deflect By Taylor Hall.
8:11 of 2nd period - Shot Misses the Net.
8:11 of 2nd period - Puck is out of play.
8:12 of 2nd period - Bo Horvat wins face-off versus Brandon Sutter in Oilers zone.
8:23 of 2nd period - Snap shot by Patrick Kane.
8:23 of 2nd period - Shot Misses the Net.
8:25 of 2nd period - Wrist shot by Claude Giroux.
8:25 of 2nd period - Stopped by James Reimer without a rebound.
8:26 of 2nd period - Brandon Sutter wins face-off versus Bo Horvat in Oilers zone.
8:35 of 2nd period - Wrist shot by John Klingberg.
8:35 of 2nd period - Stopped by James Reimer with a rebound.
8:37 of 2nd period - Wrist shot by Patrick Kane.
8:37 of 2nd period - Shot Misses the Net.
8:41 of 2nd period - Snap shot by Bo Horvat.
8:41 of 2nd period - Shot Misses the Net.
8:43 of 2nd period - Wrist shot by Claude Giroux.
8:43 of 2nd period - Stopped by James Reimer without a rebound.
8:44 of 2nd period - Henrik Zetterberg wins face-off versus Logan Couture in Oilers zone.
8:44 of 2nd period - Henrik Zetterberg is hit by Ben Smith.
9:55 of 2nd period - Tobias Enstrom is hit by Hampus Lindholm and loses puck.
10:18 of 2nd period - Snap shot by Claude Giroux.
10:18 of 2nd period - Stopped by James Reimer with a rebound.
10:28 of 2nd period - Slapshot by Claude Giroux.
10:28 of 2nd period - Shot Misses the Net.
10:51 of 2nd period - Minor Penalty to Brayden Schenn for Holding.
10:52 of 2nd period - Henrik Zetterberg wins face-off versus Logan Couture in Maple Leafs zone.
12:17 of 2nd period - Braydon Coburn is hit by Adam Larsson and loses puck.
12:31 of 2nd period - Icing by James Neal.
12:32 of 2nd period - Connor McDavid wins face-off versus Bo Horvat in Oilers zone.
12:51 of 2nd period - Penalty to Brayden Schenn is over, Brayden Schenn is back on ice.
12:55 of 2nd period - Wrist shot by Pavel Buchnevich.
12:55 of 2nd period - Shot Misses the Net.
13:29 of 2nd period - Kevin Shattenkirk is hit by Adam Larsson and loses puck.
14:13 of 2nd period - Icing by Kevin Shattenkirk.
14:14 of 2nd period - Bo Horvat wins face-off versus Kevin Porter in Maple Leafs zone.
14:23 of 2nd period - Off-side.
14:24 of 2nd period - Brayden Schenn wins face-off versus Henrik Zetterberg in neutral zone.
14:27 of 2nd period - Snap shot by Beau Bennett.
14:27 of 2nd period - Shot Blocked by Jordan Eberle.
15:07 of 2nd period - Snap shot by Connor McDavid.
15:07 of 2nd period - Shot Blocked by Ryan Parent.
15:31 of 2nd period - Snap shot by Henrik Zetterberg.
15:31 of 2nd period - Shot Blocked by Calvin de Haan.
15:33 of 2nd period - Wrist shot by Henrik Zetterberg.
15:33 of 2nd period - Stopped by Tyler Weiman with a rebound.
15:35 of 2nd period - Wrist shot by Henrik Zetterberg.
15:35 of 2nd period - Shot Misses the Net.
15:37 of 2nd period - Slapshot by Taylor Hall.
15:37 of 2nd period - Shot Blocked by Bo Horvat.
15:47 of 2nd period - Snap shot by Pavel Buchnevich.
15:47 of 2nd period - Shot Blocked by Calvin de Haan.
15:49 of 2nd period - Wrist shot by Kevin Porter.
15:49 of 2nd period - Stopped by Tyler Weiman without a rebound.
15:50 of 2nd period - Kevin Porter wins face-off versus Jake Guentzel in Maple Leafs zone.
16:05 of 2nd period - Wrist shot by Pavel Buchnevich.
16:05 of 2nd period - Deflect By Kevin Porter.
16:05 of 2nd period - Shot Misses the Net.
16:05 of 2nd period - Puck is out of play.
16:06 of 2nd period - Henrik Zetterberg wins face-off versus Brayden Schenn in Maple Leafs zone.
16:07 of 2nd period - Snap shot by Taylor Hall.
16:07 of 2nd period - Stopped by Tyler Weiman with a rebound.
16:09 of 2nd period - Snap shot by Taylor Hall.
16:09 of 2nd period - Stopped by Tyler Weiman with a rebound.
16:11 of 2nd period - Wrist shot by Henrik Zetterberg.
16:11 of 2nd period - Shot Misses the Net.
16:13 of 2nd period - Wrist shot by Jordan Eberle.
16:13 of 2nd period - Goal by Jordan Eberle - Oilers : 5 - Maple Leafs : 0.
16:14 of 2nd period - Bo Horvat wins face-off versus Henrik Zetterberg in neutral zone.
16:48 of 2nd period - James Neal is hit by Logan Couture and loses puck.
17:13 of 2nd period - Snap shot by Mika Zibanejad.
17:13 of 2nd period - Shot Misses the Net.
17:45 of 2nd period - Snap shot by Connor McDavid.
17:45 of 2nd period - Stopped by Tyler Weiman without a rebound.
17:46 of 2nd period - Bo Horvat wins face-off versus Henrik Zetterberg in Maple Leafs zone.
17:55 of 2nd period - Wrist shot by Claude Giroux.
17:55 of 2nd period - Goal by Claude Giroux - Oilers : 5 - Maple Leafs : 1.
17:56 of 2nd period - Bo Horvat wins face-off versus Henrik Zetterberg in neutral zone.
18:06 of 2nd period - Slapshot by Denis Grebeshkov.
18:06 of 2nd period - Stopped by Tyler Weiman without a rebound.
18:07 of 2nd period - Henrik Zetterberg wins face-off versus Bo Horvat in Maple Leafs zone.
18:20 of 2nd period - Wrist shot by Taylor Hall.
18:20 of 2nd period - Stopped by Tyler Weiman without a rebound.
18:21 of 2nd period - Bo Horvat wins face-off versus Henrik Zetterberg in Maple Leafs zone.
18:29 of 2nd period - Claude Giroux and Jordan Eberle fight to a draw.
18:29 of 2nd period - Penalty to Claude Giroux for Fighting.
18:29 of 2nd period - Penalty to Jordan Eberle for Fighting.
18:30 of 2nd period - Bo Horvat wins face-off versus Henrik Zetterberg in Oilers zone.
18:39 of 2nd period - Slapshot by Taylor Hall.
18:39 of 2nd period - Shot Misses the Net.
18:43 of 2nd period - Snap shot by Taylor Hall.
18:43 of 2nd period - Shot Misses the Net.
18:45 of 2nd period - Snap shot by Leon Draisaitl.
18:45 of 2nd period - Stopped by Tyler Weiman with a rebound.
19:25 of 2nd period - Slapshot by John Klingberg.
19:25 of 2nd period - Shot Misses the Net.
19:27 of 2nd period - Slapshot by Kevin Shattenkirk.
19:27 of 2nd period - Shot Blocked by Anton Volchenkov.
19:29 of 2nd period - Snap shot by Beau Bennett.
19:29 of 2nd period - Shot Misses the Net.
Goals for this period are 4 for Oilers vs 1 for Maple Leafs.
Shots for this period are 14 for Oilers vs 6 for Maple Leafs.

3rd period


0:01 of 3rd period - Bo Horvat wins face-off versus Henrik Zetterberg in neutral zone.
0:30 of 3rd period - Wrist shot by James Neal.
0:30 of 3rd period - Stopped by Tyler Weiman with a rebound.
0:48 of 3rd period - Wrist shot by Andre Burakovsky.
0:48 of 3rd period - Stopped by James Reimer without a rebound.
0:49 of 3rd period - Mika Zibanejad wins face-off versus Kevin Porter in Oilers zone.
1:23 of 3rd period - Snap shot by Logan Couture.
1:23 of 3rd period - Deflect By Jake Guentzel.
1:23 of 3rd period - Shot Blocked by Darnell Nurse.
1:23 of 3rd period - Puck is out of play.
1:24 of 3rd period - Connor McDavid wins face-off versus Logan Couture in Oilers zone.
1:28 of 3rd period - Off-side.
1:29 of 3rd period - Logan Couture wins face-off versus Connor McDavid in neutral zone.
1:42 of 3rd period - Snap shot by Ben Smith.
1:42 of 3rd period - Stopped by James Reimer without a rebound.
1:43 of 3rd period - Bo Horvat wins face-off versus Henrik Zetterberg in Oilers zone.
1:46 of 3rd period - Slapshot by Kevin Shattenkirk.
1:46 of 3rd period - Stopped by James Reimer without a rebound.
1:47 of 3rd period - Bo Horvat wins face-off versus Henrik Zetterberg in Oilers zone.
3:17 of 3rd period - Wrist shot by Patrick Kane.
3:17 of 3rd period - Shot Misses the Net.
4:01 of 3rd period - Snap shot by Patrick Kane.
4:01 of 3rd period - Stopped by James Reimer with a rebound.
4:15 of 3rd period - Darnell Nurse is hit by Andre Burakovsky and loses puck.
4:40 of 3rd period - Wrist shot by Henrik Zetterberg.
4:40 of 3rd period - Stopped by Tyler Weiman with a rebound.
5:02 of 3rd period - Wrist shot by Connor McDavid.
5:02 of 3rd period - Shot Misses the Net.
5:18 of 3rd period - Ryan Parent is hit by Leon Draisaitl and loses puck.
6:00 of 3rd period - Braydon Coburn is hit by James Neal and loses puck.
6:05 of 3rd period - Wrist shot by Connor McDavid.
6:05 of 3rd period - Shot Misses the Net.
7:01 of 3rd period - Rasmus Ristolainen is hit by Blake Comeau and loses puck.
7:12 of 3rd period - Brayden Schenn is hit by Phil Kessel and loses puck.
7:35 of 3rd period - Snap shot by Mika Zibanejad.
7:35 of 3rd period - Stopped by James Reimer without a rebound.
7:36 of 3rd period - Logan Couture wins face-off versus Henrik Zetterberg in Oilers zone.
7:45 of 3rd period - Wrist shot by Jake Guentzel.
7:45 of 3rd period - Stopped by James Reimer with a rebound.
7:53 of 3rd period - Ben Smith is hit by Henrik Zetterberg and loses puck.
8:04 of 3rd period - Slapshot by Kevin Shattenkirk.
8:04 of 3rd period - Stopped by James Reimer with a rebound.
8:06 of 3rd period - Snap shot by Bo Horvat.
8:06 of 3rd period - Shot Misses the Net.
8:08 of 3rd period - Slapshot by John Klingberg.
8:08 of 3rd period - Stopped by James Reimer with a rebound.
8:10 of 3rd period - Snap shot by Bo Horvat.
8:10 of 3rd period - Shot Misses the Net.
8:16 of 3rd period - Wrist shot by Claude Giroux.
8:16 of 3rd period - Shot Misses the Net.
8:28 of 3rd period - Beau Bennett is hit by Pavel Buchnevich and loses puck.
8:46 of 3rd period - Jordan Eberle is hit by Hampus Lindholm.
9:00 of 3rd period - Calvin de Haan is hit by Connor McDavid and loses puck.
9:24 of 3rd period - Icing by Brayden Schenn.
9:25 of 3rd period - Brandon Sutter wins face-off versus Logan Couture in Maple Leafs zone.
10:02 of 3rd period - Snap shot by Rasmus Ristolainen.
10:02 of 3rd period - Shot Blocked by Ryan Parent.
10:14 of 3rd period - Slapshot by Kevin Shattenkirk.
10:14 of 3rd period - Deflect By Beau Bennett.
10:14 of 3rd period - Stopped by James Reimer with a rebound.
10:36 of 3rd period - Tobias Enstrom is hit by Kevin Shattenkirk and loses puck.
11:32 of 3rd period - Jordan Eberle is hit by Claude Giroux and loses puck.
12:03 of 3rd period - Slapshot by Henrik Zetterberg.
12:03 of 3rd period - Shot Misses the Net.
12:13 of 3rd period - Slapshot by Taylor Hall.
12:13 of 3rd period - Shot Misses the Net.
12:15 of 3rd period - Snap shot by Jordan Eberle.
12:15 of 3rd period - Shot Misses the Net.
12:47 of 3rd period - Slapshot by Patrick Kane.
12:47 of 3rd period - Stopped by James Reimer with a rebound.
13:11 of 3rd period - Jordan Eberle is hit by Bo Horvat and loses puck.
13:26 of 3rd period - Jordan Eberle is hit by Braydon Coburn and loses puck.
13:35 of 3rd period - Snap shot by Patrick Kane.
13:35 of 3rd period - Shot Misses the Net.
14:08 of 3rd period - Snap shot by Anton Volchenkov.
14:08 of 3rd period - Shot Misses the Net.
14:10 of 3rd period - Wrist shot by Henrik Zetterberg.
14:10 of 3rd period - Stopped by Tyler Weiman without a rebound.
14:11 of 3rd period - Logan Couture wins face-off versus Brandon Sutter in Maple Leafs zone.
14:11 of 3rd period - Logan Couture is hit by Rasmus Ristolainen.
14:20 of 3rd period - Minor Penalty to Adam Larsson for Hooking.
14:21 of 3rd period - Brandon Sutter wins face-off versus Ben Smith in Oilers zone.
14:30 of 3rd period - Brandon Sutter is hit by Kevin Shattenkirk and loses puck.
14:37 of 3rd period - Snap shot by Jake Guentzel.
14:37 of 3rd period - Stopped by James Reimer without a rebound.
14:38 of 3rd period - Logan Couture wins face-off versus Brandon Sutter in Oilers zone.
14:41 of 3rd period - Snap shot by John Klingberg.
14:41 of 3rd period - Stopped by James Reimer without a rebound.
14:42 of 3rd period - Logan Couture wins face-off versus Brandon Sutter in Oilers zone.
14:43 of 3rd period - Slapshot by Kevin Shattenkirk.
14:43 of 3rd period - Deflect By Ben Smith.
14:43 of 3rd period - Stopped by James Reimer with a rebound.
15:35 of 3rd period - Wrist shot by Riley Sheahan.
15:35 of 3rd period - Shot Hit the Post.
15:55 of 3rd period - Snap shot by Logan Couture.
15:55 of 3rd period - Shot Blocked by Tobias Enstrom.
15:57 of 3rd period - Slapshot by Jake Guentzel.
15:57 of 3rd period - Stopped by James Reimer without a rebound.
15:58 of 3rd period - Brayden Schenn wins face-off versus Nikolai Kulemin in Oilers zone.
16:01 of 3rd period - Wrist shot by Dany Heatley.
16:01 of 3rd period - Shot Blocked by Nikolai Kulemin.
16:03 of 3rd period - Slapshot by Braydon Coburn.
16:03 of 3rd period - Shot Blocked by Darnell Nurse.
16:20 of 3rd period - Penalty to Adam Larsson is over, Adam Larsson is back on ice.
16:37 of 3rd period - Minor Penalty to Pavel Buchnevich for Hooking.
16:38 of 3rd period - Brandon Sutter wins face-off versus Brayden Schenn in Oilers zone.
18:37 of 3rd period - Penalty to Pavel Buchnevich is over, Pavel Buchnevich is back on ice.
18:48 of 3rd period - Taylor Hall is hit by Andre Burakovsky.
19:02 of 3rd period - Mika Zibanejad is hit by Rasmus Ristolainen and loses puck.
19:41 of 3rd period - Logan Couture is hit by Taylor Hall and loses puck.
19:53 of 3rd period - Minor Penalty to Taylor Hall for Hooking.
19:54 of 3rd period - Brandon Sutter wins face-off versus Brayden Schenn in Oilers zone.
Goals for this period are 0 for Oilers vs 0 for Maple Leafs.
Shots for this period are 3 for Oilers vs 14 for Maple Leafs.